 Dungeon Crawl Stone Soup version 0.31-a0-180-g519b7de00c (webtiles) character file.

Game seed: 17924552976030741599

135 qw the Shooter (level 5, -3/49 HPs)
             Began as a Naga Hunter on June 20, 2023.
             Killed by divine providence
             ... invoked by an orc priest
              (13 damage)
             ... on level 3 of the Dungeon.
             The game lasted 00:00:37 (1787 turns).

qw the Shooter (Naga Hunter)                        Turns: 1787, Time: 00:00:38

Health: -3/49      AC:  4    Str: 14    XL:     5   Next: 18%
Magic:  5/5        EV:  9    Int:  9    God:
Gold:   111        SH:  0    Dex: 16    Spells: 4/4 levels left

rFire   . . .        Y - +0 shortbow
rCold   . . .        (shield currently unavailable)
rNeg    . . .        c - +0 leather armour
rPois   +            (no helmet)
rElec   .            e - +0 cloak
rCorr   .            (no gloves)
SInv    +            (no barding)
Will    .....        (no amulet)
Stlth   ++           (no ring)
HPRegen 0.28/turn    (no ring)
MPRegen 0.09/turn

%: no passive effects
@: short of breath, very slow
A: AC +1, large, see invisible, deformed body, poison resistance, slowness 2,
spit poison 1, naga tail 1
a: Spit Poison


You were on level 3 of the Dungeon.
You visited 1 branch of the dungeon, and saw 3 of its levels.

You collected 111 gold pieces.


Innate Abilities, Weirdness & Mutations

Your serpentine skin is tough. (AC +1)
You have supernaturally acute eyesight. (SInv)
Armour fits poorly on your strangely shaped body.
Your system is resistant to poisons. (rPois)
You cover ground very slowly.
You can spit poison.
You have a snake-like lower body.


   Skills:
 - Level 3.1 Fighting
 + Level 5.3 Ranged Weapons
 - Level 1.5 Dodging
 - Level 1.5 Stealth


You had 4 spell levels left.
You didn't know any spells.
Your spell library was empty.

Inventory:

Hand Weapons
 Y - a +0 shortbow (weapon)
Armour
 c - a +0 leather armour (worn)
 e - a +0 cloak (worn)
Jewellery
 i - an amulet of regeneration
Potions
 a - a potion of lignification {unknown}
 b - a potion of haste {unknown}
 d - a potion of curing
 f - a potion of experience {unknown}
 g - a potion of heal wounds {unknown}
 h - a potion of enlightenment {unknown}
 j - a potion of might {unknown}

Dungeon Overview and Level Annotations

Branches:
Dungeon (3/15)

Altars:


Message History

The adder is severely wounded.
The adder misses you.
The orc priest invokes the aid of Beogh against you.
Beogh smites you! The adder bites you but does no damage. The adder bites you.
You shoot an arrow. The arrow barely misses the adder.
The arrow hits the orc!
You kill the orc!
The adder bites you. x3
You have reached level 5!
You shoot an arrow. The arrow hits the adder.
The adder is almost dead.
You have got your breath back.
The adder closely misses you. The adder bites you but does no damage.
The adder barely misses you.
The orc priest begins to cast a cantrip, but forgets the words!
An orc comes into view. It is wielding a +0 flail.
1783 ||| INVOKING Spit Poison.
Aiming: Spit Poison (1% risk of failure)
Press: ? - help, Shift-Dir - straight line, f/p - adder The splash of poison hits the adder but does no damage.
The adder is poisoned.
The adder is almost dead.
You kill the adder!
The adder bites you but does no damage.
The kobold hits you with a +0 short sword.
You shoot an arrow. The arrow hits the adder.
You kill the adder!
The kobold hits you but does no damage.
An orc comes into view. It is wielding a +0 dagger.
You shoot an arrow. The arrow hits the kobold!
You kill the kobold!
The orc priest looks braver for a moment.
You shoot an arrow. The arrow hits the orc priest!
The orc priest is heavily wounded.
The orc priest mumbles some strange prayers to Beogh against you.
Beogh smites you!
You shoot an arrow.
The arrow closely misses the orc priest.
The orc priest calls down the wrath of Beogh upon you.
Beogh smites you!
You die...

#### ..#. #.#. .## ####
#.#. ....###.. #.#.
##o.o.).########## #.#.
..)...%@.........####.#.
.###############....#.#.
####..... ###..# #...##
#.>.#.# #.###.## ######
#..# ...# #..#


You could see an orc priest and an orc.

Vanquished Creatures
  A hound (D:2)
  6 adders
  2 worms (D:2)
  An orc (D:3)
  6 endoplasms
  4 goblins
  8 hobgoblins
  2 jackals (D:1)
  4 ball pythons
  3 bats
  3 frilled lizards
  5 kobolds
  2 rats
47 creatures vanquished.

Notes
Turn   | Place    | Note
-------+----------+-------------------------------------------
     0 | D:1      | qw the Naga Hunter began the quest for the Orb.
     0 | D:1      | Reached XP level 1. HP: 19/19 MP: 1/1
     0 | D:1      | 0 ||| qw: Version: 0.3-a-9-g12657ce
     0 | D:1      | 0 ||| qw: Game counter: 1124
     0 | D:1      | 0 ||| qw: Always use a shield: true
     0 | D:1      | 0 ||| qw: God list: Okawaru
     0 | D:1      | 0 ||| qw: Allow faded altars: false
     0 | D:1      | 0 ||| qw: Do Orc after D:15 true
     0 | D:1      | 0 ||| qw: Do second Lair branch before Depths: true
     0 | D:1      | 0 ||| qw: Lair rune preference: random
     0 | D:1      | 0 ||| qw: Plans: Normal
     0 | D:1      | 0 ||| PLANNING D:1-11
     4 | D:1      | 4 ||| INVOKING Spit Poison.
    53 | D:1      | 53 ||| INVOKING Spit Poison.
    84 | D:1      | 84 ||| INVOKING Spit Poison.
   625 | D:1      | Reached skill level 4 in Ranged Weapons
   625 | D:1      | Reached XP level 2. HP: 26/26 MP: 2/2
   625 | D:1      | 625 ||| INVOKING Spit Poison.
   629 | D:1      | 629 ||| INVOKING Spit Poison.
   768 | D:1      | 768 ||| UPGRADING to +0 cloak.
   773 | D:1      | 773 ||| READING scroll labelled ACAWOH LUSILO.
   774 | D:1      | 774 ||| READING scroll labelled RINYTT XERYSE.
   822 | D:1      | 822 ||| READING 3 scrolls labelled CUURCH JEPRARUTYO.
   825 | D:1      | 825 ||| READING scroll labelled VAM UZUN XIU.
   826 | D:1      | 826 ||| DRINKING 2 grey potions.
   827 | D:1      | 827 ||| DROPPING scroll of butterflies.
   878 | D:2      | 878 ||| INVOKING Spit Poison.
   884 | D:2      | 884 ||| INVOKING Spit Poison.
   887 | D:2      | HP: 4/26 [worm (4)]
   888 | D:2      | 888 ||| READING 2 scrolls of teleportation.
   889 | D:2      | 889 ||| INVOKING Spit Poison.
   892 | D:2      | 892 ||| READING scroll of teleportation.
   893 | D:2      | 893 ||| INVOKING Spit Poison.
   895 | D:2      | HP: 3/26 [frozen (3)]
   919 | D:2      | 919 ||| INVOKING Spit Poison.
   935 | D:2      | 935 ||| INVOKING Spit Poison.
  1005 | D:2      | 1005 ||| INVOKING Spit Poison.
  1006 | D:2      | Reached XP level 3. HP: 32/32 MP: 3/3
  1050 | D:2      | 1050 ||| INVOKING Spit Poison.
  1054 | D:2      | 1054 ||| INVOKING Spit Poison.
  1058 | D:2      | 1058 ||| INVOKING Spit Poison.
  1081 | D:2      | 1081 ||| INVOKING Spit Poison.
  1087 | D:2      | 1087 ||| INVOKING Spit Poison.
  1091 | D:2      | 1091 ||| INVOKING Spit Poison.
  1268 | D:2      | 1268 ||| INVOKING Spit Poison.
  1296 | D:2      | 1296 ||| INVOKING Spit Poison.
  1298 | D:2      | Reached skill level 5 in Ranged Weapons
  1298 | D:2      | Reached XP level 4. HP: 39/39 MP: 4/4
  1309 | D:2      | 1309 ||| INVOKING Spit Poison.
  1328 | D:2      | 1328 ||| INVOKING Spit Poison.
  1333 | D:2      | 1333 ||| INVOKING Spit Poison.
  1413 | D:2      | 1413 ||| INVOKING Spit Poison.
  1515 | D:2      | 1515 ||| INVOKING Spit Poison.
  1526 | D:2      | 1526 ||| INVOKING Spit Poison.
  1529 | D:2      | 1529 ||| INVOKING Spit Poison.
  1562 | D:2      | 1562 ||| INVOKING Spit Poison.
  1563 | D:2      | 1563 ||| READING scroll labelled ROTTOOW YGOCW.
  1579 | D:3      | 1579 ||| INVOKING Spit Poison.
  1582 | D:3      | 1582 ||| STAIRDANCE
  1585 | D:2      | 1585 ||| INVOKING Spit Poison.
  1588 | D:2      | Reached skill level 3 in Fighting
  1589 | D:2      | 1589 ||| INVOKING Spit Poison.
  1648 | D:3      | 1648 ||| INVOKING Spit Poison.
  1658 | D:3      | 1658 ||| INVOKING Spit Poison.
  1733 | D:3      | 1733 ||| INVOKING Spit Poison.
  1736 | D:3      | 1736 ||| INVOKING Spit Poison.
  1740 | D:3      | 1740 ||| INVOKING Spit Poison.
  1778 | D:3      | 1778 ||| INVOKING Spit Poison.
  1782 | D:3      | Reached XP level 5. HP: 24/49 MP: 5/5
  1783 | D:3      | 1783 ||| INVOKING Spit Poison.
  1786 | D:3      | HP: 10/49 [orc priest/divine providence (12)]
  1787 | D:3      | Killed from afar by an orc priest

Levels and vault maps discovered:
D:1:      scummos_arrival_checkerplants, layout_loops_corners
D:2:      layout_basic, minmay_tetromino_l2
D:3:      layout_rooms, overflow_temple_1_default, mainiacjoe_overflow_alcove_4

Skill      XL: |  1  2  3  4 |
---------------+-------------+-----
Ranged Weapons | 4 5 |  5.3
Fighting       | 3 |  3.1
Dodging        | |  1.5
Stealth        | |  1.5

Action                     |  1- 3 |  4- 6 || total
---------------------------+-------+-------++-------
   Fire: Shortbow          |    70 |    39 ||   109
Ability: Spit Poison       |    20 |    18 ||    38
    Use: Scroll            |     6 |     1 ||     7
         Potion            |     1 |       ||     1
 Armour: Leather armour    |     7 |    14 ||    21
  Dodge: Dodged            |    14 |    22 ||    36

Table legend:
 A = Non-vault XP
 B = Vault XP
 C = Vault XP percentage of total XP
 D = Non-vault monster count
 E = Vault monster count
 F = Vault count percentage of total count
                 A         B        C        D         E       F
            +---------+---------+-------+---------+---------+-------
      Total |     191 |       3 |   1.5 |      45 |       2 |   4.3
            +---------+---------+-------+---------+---------+-------
        D:1 |      19 |       0 |   0.0 |      11 |       0 |   0.0
        D:2 |     136 |       3 |   2.2 |      26 |       2 |   7.1
        D:3 |      36 |       0 |   0.0 |       8 |       0 |   0.0
            +---------+---------+-------+---------+---------+-------
